 Dungeon Crawl Stone Soup version 0.27.1 (webtiles) character file.

Game seed: 14564473624948666678

647 chaosape the Skirmisher (level 7, -5/60 HPs)
             Began as a Gnoll Wanderer on Aug 26, 2021.
             Was a Priest of Zin.
             Slain by an ogre (19 damage)
             ... on level 3 of the Dungeon.
             The game lasted 00:28:38 (4242 turns).

chaosape the Skirmisher (Gnoll Wanderer)            Turns: 4242, Time: 00:28:39

Health: -5/60      AC: 10    Str: 14    XL:     7   Next: 52%
Magic:  10/10      EV:  7    Int: 10    God:    Zin [***...]
Gold:   125        SH:  0    Dex: 12    Spells: 11/11 levels left

rFire    . . .     SeeInvis .   h - +1 flail (holy)
rCold    + . .     Faith    .   (no shield)
rNeg     . . .     Spirit   .   f - +0 chain mail
rPois    .         Reflect  .   (no helmet)
rElec    .         Harm     .   (no cloak)
rCorr    .         Rampage  .   p - +0 pair of gloves
Will     .....                  (no boots)
Stlth    ..........             (no amulet)
HPRegen  0.20/turn              u - ring of protection from cold
MPRegen  0.12/turn              (no ring)

@: no status effects
A: fangs 1, strong nose, distributed training
a: Renounce Religion, Recite, Vitalisation, Imprison, Donate Gold


You were on level 3 of the Dungeon.
You worshipped Zin.
Zin was most pleased with you.
You visited 1 branch of the dungeon, and saw 4 of its levels.

You collected 192 gold pieces.
You donated 67 gold pieces to Zin.

Inventory:

Hand Weapons
 a - a +0 mace
 e - a +0 dagger
 g - a +0 short sword
 h - a +1 flail of holy wrath (weapon)
 m - a +0 spear
 o - a +0 club
 D - a +0 hand axe
Missiles
 l - 9 poisoned darts
Armour
 d - a +0 robe
 f - a +0 chain mail (worn)
 k - a +0 ring mail
 p - a +0 pair of gloves (worn)
 r - a +0 scale mail
Magical Staves
 v - a staff of air
Jewellery
 u - a ring of protection from cold (left hand)
 A - a ring of poison resistance
Wands
 C - a wand of digging (5)
Scrolls
 i - 3 scrolls of identify {unknown}
 j - a scroll of fog {unknown}
 q - a scroll of brand weapon {unknown}
 t - a scroll of torment {unknown}
 y - a scroll of fear {unknown}
 z - a scroll of teleportation {unknown}
Potions
 b - a potion of curing
 n - a potion of brilliance {unknown}
 s - 2 potions of degeneration {unknown}
 w - a potion of attraction {unknown}
 x - a potion of magic {unknown}
 B - a potion of invisibility {unknown}
Miscellaneous
 c - a condenser vane (quivered)


   Skills:
 + Level 7.0 Fighting
 + Level 2.5 Short Blades
 + Level 2.5 Long Blades
 + Level 2.5 Axes
 + Level 3.6 Maces & Flails
 + Level 2.5 Polearms
 + Level 2.5 Staves
 + Level 2.5 Slings
 + Level 2.5 Bows
 + Level 2.5 Crossbows
 + Level 2.5 Throwing
 + Level 3.6 Armour
 + Level 2.5 Dodging
 + Level 6.5 Stealth
 + Level 2.5 Shields
 + Level 2.5 Unarmed Combat
 + Level 2.5 Spellcasting
 + Level 2.0 Conjurations
 + Level 2.0 Hexes
 + Level 2.0 Summonings
 + Level 2.0 Necromancy
 + Level 2.0 Translocations
 + Level 2.0 Transmutations
 + Level 2.0 Fire Magic
 + Level 2.0 Ice Magic
 + Level 2.0 Air Magic
 + Level 2.0 Earth Magic
 + Level 2.0 Poison Magic
 + Level 2.8 Invocations
 + Level 5.2 Evocations


You had 11 spell levels left.
You didn't know any spells.
Your spell library contained the following spells:

 Spells                   Type           Power      Damage    Failure   Level
 Sandblast                Erth           10%        2d5       96%         1
 Sting                    Tmut/Pois      20%        1d4       96%         1
 Blink                    Tloc           N/A        N/A       99%         2
 Passwall                 Tmut/Erth      4%         N/A       99%         2
 Poisonous Vapours        Pois/Air       10%        N/A       99%         2
 Olgreb's Toxic Radiance  Pois           5%         N/A       100%        4
 Fireball                 Conj/Fire      2%         3d4       100%        5
 Iskenderun's Battlesphe  Conj           5%         2d6       100%        5
 Lee's Rapid Deconstruct  Erth           2%         3d6*      100%        5
 Manifold Assault         Tloc           5%         N/A       100%        5
 Conjure Ball Lightning   Conj/Air       2%         3x3d6     100%        6
 Orb of Destruction       Conj           2%         9d1       100%        7
 Storm Form               Tmut/Air       2%         N/A       100%        7


Dungeon Overview and Level Annotations

Branches:
Dungeon (4/15)
 Temple: D:4-7

Altars:
Cheibriados
Dithmenos
Kikubaaqudgha
Qazlal
Zin

Annotations:
D:3 2 runed translucent doors, comborobin's ghost, weakling PaWr
D:4 Dowan; Duvessa


Innate Abilities, Weirdness & Mutations

You have very sharp teeth.
Your uncanny sense of smell can sniff out nearby items.
Your experience applies equally to all skills.


Message History

Dowan blinks!
Dowan gestures wildly while chanting.
Dowan blinks!
There is a stone staircase leading up here.
Duvessa hits you with a +0 rapier.
You climb upwards.
Level annotation: 2 runed translucent doors, comborobin's ghost, weakling PaWr
There is a stone staircase leading down here.
There is a stone staircase leading down here.
You start resting.
HP restored.
You climb downwards.
Level annotation: Dowan; Duvessa The ogre hits you with a +0 giant spiked club!
Duvessa barely misses you. x2
There is a stone staircase leading up, spattered with blood here.
You sock Duvessa! Your punch misses Duvessa.
Duvessa is heavily wounded.
The ogre hits you with a +0 giant spiked club!
The goblin barely misses you. Duvessa hits you with a +0 rapier!
The ogre hits you with a +0 giant spiked club!
* * * LOW HITPOINT WARNING * * *
The goblin hits you but does no damage. Duvessa hits you with a +0 rapier.
* * * LOW HITPOINT WARNING * * *
You climb upwards.
Level annotation: 2 runed translucent doors, comborobin's ghost, weakling PaWr
There is a stone staircase leading down here.
You feel better. The goblin hits you but does no damage.
The ogre closely misses you.
Press: ? - help, Dir - move target, f - ogre
Aim: an ogre, wielding a +0 giant spiked club You need more space to imprison the ogre.
You barely miss the goblin. Your bite misses the goblin.
The goblin is moderately wounded.
The goblin barely misses you. The ogre hits you but does no damage.
You barely miss the goblin.
The goblin is moderately wounded.
The goblin hits you but does no damage.
The ogre hits you with a +0 giant spiked club!!
You die...

##....................##########'
##.......###..#....### ###.#.
##.....## #....#..# #.....
##...## ####.#..#### #.#### ##'##
#....#.....# #.###. #.#
#.#######..# #.##.# #.#
#....#.....# #.##.. ### ##.##
###O.#.###.# #.##.# ..###...##
#.@#.....# #.##.# #.##.....#
##g..##### #..... ..###...##
######.## ####.# ..# ##.##
#......# #.# ..##########.######
#.. .............# ###
..############ ###


You could see an ogre and a goblin.

Vanquished Creatures
  Grinder (D:4)
  Sigmund (D:3)
  A necrophage (D:4)
  An orc wizard (D:4)
  An iguana (D:4)
  Robin (D:3)
  A gnoll (D:1)
  9 adders
  2 dart slugs (D:2)
  5 orcs
  6 ball pythons
  5 endoplasms
  2 giant cockroaches
  12 goblins
  5 hobgoblins
  A jackal (D:2)
  2 kobolds
  3 quokkas
  7 bats
  A frilled lizard (D:3)
  6 rats
73 creatures vanquished.

Notes
Turn   | Place    | Note
-------+----------+-------------------------------------------
     0 | D:1      | chaosape the Gnoll Wanderer began the quest for the Orb.
     0 | D:1      | chaosape set off with the following items: a +0 mace, a
                  | potion of curing, a condenser vane, a +0 robe, a +0 dagger
     0 | D:1      | Reached XP level 1. HP: 23/23 MP: 1/1
   228 | D:1      | Reached XP level 2. HP: 22/29 MP: 2/2
   333 | D:1      | Reached XP level 3. HP: 19/35 MP: 3/3
   725 | D:1      | Found a faded altar of an unknown god.
   732 | D:1      | Became a worshipper of Zin the Law-Giver
   732 | D:1      | Reached * piety under Zin
   733 | D:1      | Donated 20 gold pieces to Zin
   997 | D:2      | Reached skill level 1 in Invocations
  1122 | D:2      | Reached skill level 1 in Short Blades
  1122 | D:2      | Reached skill level 1 in Long Blades
  1122 | D:2      | Reached skill level 1 in Axes
  1122 | D:2      | Reached skill level 1 in Polearms
  1122 | D:2      | Reached skill level 1 in Staves
  1122 | D:2      | Reached skill level 1 in Slings
  1122 | D:2      | Reached skill level 1 in Bows
  1122 | D:2      | Reached skill level 1 in Crossbows
  1122 | D:2      | Reached skill level 1 in Throwing
  1122 | D:2      | Reached skill level 1 in Dodging
  1122 | D:2      | Reached skill level 1 in Shields
  1122 | D:2      | Reached skill level 1 in Unarmed Combat
  1122 | D:2      | Reached skill level 1 in Spellcasting
  1222 | D:2      | Reached XP level 4. HP: 33/41 MP: 5/5
  1514 | D:2      | Reached skill level 1 in Conjurations
  1514 | D:2      | Reached skill level 1 in Hexes
  1514 | D:2      | Reached skill level 1 in Summonings
  1514 | D:2      | Reached skill level 1 in Necromancy
  1514 | D:2      | Reached skill level 1 in Translocations
  1514 | D:2      | Reached skill level 1 in Transmutations
  1514 | D:2      | Reached skill level 1 in Fire Magic
  1514 | D:2      | Reached skill level 1 in Ice Magic
  1514 | D:2      | Reached skill level 1 in Air Magic
  1514 | D:2      | Reached skill level 1 in Earth Magic
  1514 | D:2      | Reached skill level 1 in Poison Magic
  1886 | D:2      | Reached ** piety under Zin
  1888 | D:2      | Donated 28 gold pieces to Zin
  2290 | D:3      | Reached XP level 5. HP: 47/47 MP: 6/6
  2292 | D:3      | Noticed Robin
  2302 | D:3      | Killed Robin
  2341 | D:3      | Found a stormy altar of Qazlal.
  2793 | D:3      | Found an ancient bone altar of Kikubaaqudgha.
  2999 | D:3      | Noticed Sigmund
  3011 | D:3      | Killed Sigmund
  3012 | D:3      | Reached skill level 5 in Evocations
  3012 | D:3      | Reached XP level 6. HP: 45/53 MP: 5/9
  3227 | D:3      | Found a runed translucent door.
  3233 | D:3      | Noticed comborobin's ghost (weakling PaWr)
  3271 | D:3      | Found a runed translucent door.
  3599 | D:4      | Noticed a necrophage
  3608 | D:4      | Killed a necrophage
  3631 | D:4      | Reached XP level 7. HP: 58/59 MP: 10/10
  3651 | D:4      | Noticed Grinder
  3666 | D:4      | Paralysed by Grinder for 6 turns
  3673 | D:4      | Killed Grinder
  3674 | D:4      | Reached skill level 7 in Fighting
  3711 | D:4      | Reached *** piety under Zin
  4106 | D:4      | Found a shadowy altar of Dithmenos.
  4112 | D:4      | Found a snail-covered altar of Cheibriados.
  4184 | D:4      | Noticed Duvessa
  4184 | D:4      | Noticed Dowan
  4242 | D:3      | Slain by an ogre

Illustrated notes

Levels and vault maps discovered:
D:1:      wander_arrival_lonely_grave, layout_basic,
          dilly_ecumenical_altar_fadedgnrine, serial_bayou_pond_a
D:2:      layout_loops_ring, st_stairs_11, kennysheep_generic_room_6
D:3:      layout_loops_corners, lemuel_tele_altar,
          mainiacjoe_overflow_surrounded_room, ebering_ghost_sewer_f,
          amcnicky_mini_rare_corridor_liquid, kennysheep_generic_room_13,
          uniq_robin, uniq_sigmund
D:4:      layout_gridville, minitemple, serial_park_tiny_2,
          corexii_item_surrounded_by_moat, hangedman_minor_gate_pass,
          uniq_duvessa, uniq_grinder, uniq_crazy_yiuf_cottage

Skill      XL: |  1  2  3  4  5  6  7 |
---------------+----------------------+-----
Stealth        | 6 |  6.5
Invocations    | 1 2 |  2.8
Short Blades   | 1 2 |  2.5
Long Blades    | 1 2 |  2.5
Axes           | 1 2 |  2.5
Polearms       | 1 2 |  2.5
Staves         | 1 2 |  2.5
Slings         | 1 2 |  2.5
Bows           | 1 2 |  2.5
Crossbows      | 1 2 |  2.5
Throwing       | 1 2 |  2.5
Dodging        | 1 2 |  2.5
Shields        | 1 2 |  2.5
Unarmed Combat | 1 2 |  2.5
Spellcasting   | 1 2 |  2.5
Conjurations   | 1 2 |  2.0
Hexes          | 1 2 |  2.0
Summonings     | 1 2 |  2.0
Necromancy     | 1 2 |  2.0
Translocations | 1 2 |  2.0
Transmutations | 1 2 |  2.0
Fire Magic     | 1 2 |  2.0
Ice Magic      | 1 2 |  2.0
Air Magic      | 1 2 |  2.0
Earth Magic    | 1 2 |  2.0
Poison Magic   | 1 2 |  2.0
Maces & Flails | 3 |  3.6
Armour         | 3 |  3.6
Evocations     | 5 |  5.2
Fighting       | 7 |  7.0

Action                   |  1- 3 |  4- 6 |  7- 9 || total
-------------------------+-------+-------+-------++-------
Melee: Mace              |    32 |       |       ||    32
       Flail             |    31 |   131 |    49 ||   211
       Bite              |     2 |     5 |     3 ||    10
       Punch             |       |     1 |       ||     1
Throw: Dart              |       |    11 |     7 ||    18
Invok: Donate Gold       |     1 |     1 |       ||     2
       Vitalisation      |       |     2 |       ||     2
  Use: Potion            |       |       |     1 ||     1
Armor: Chain mail        |    52 |    90 |    44 ||   186
Dodge: Dodged            |    19 |    45 |    13 ||    77
